 Dungeon Crawl Stone Soup version 0.28-a0-1638-g9123634e07 (webtiles) character file.

Game seed: 11705703730352640733

27 wakim the Chucker (level 2, -6/28 HPs)
             Began as a Troll Hunter on Jan 25, 2022.
             Mangled by a gnoll (9 damage)
             ... on level 2 of the Dungeon.
             The game lasted 00:02:52 (508 turns).

wakim the Chucker (Troll Hunter)                     Turns: 508, Time: 00:02:53

Health: -6/28      AC:  4    Str: 19    XL:     2   Next: 93%
Magic:  1/1        EV: 10    Int:  7    God:
Gold:   11         SH:  0    Dex: 10    Spells: 1/1 levels left

rFire   . . .      SeeInvis .     - Unarmed
rCold   . . .      Faith    .   (no shield)
rNeg    . . .      Spirit   .   b - +0 robe
rPois   .          Reflect  .   (helmet restricted)
rElec   .          Harm     .   (no cloak)
rCorr   +          Rampage  .   (gloves unavailable)
Will    .....                   (boots unavailable)
Stlth   +.........              (no amulet)
HPRegen 0.89/turn               i - ring of resist corrosion
MPRegen 0.07/turn               (no ring)

@: no status effects
A: large, unfitting armour, claws 3, regeneration 1, shaggy fur 1, tough skin 1
a: no special abilities


You were on level 2 of the Dungeon.
You visited 1 branch of the dungeon, and saw 2 of its levels.

You collected 11 gold pieces.

Inventory:

Missiles
 c - 5 large rocks (quivered) {=f}
 d - 2 throwing nets {=f!f}
Armour
 b - a +0 robe (worn)
Jewellery
 g - a ring of fire
 i - a ring of resist corrosion (left claw)
Scrolls
 e - a scroll of silence {unknown}
 h - a scroll of identify {unknown}
Potions
 f - 2 potions of lignification {unknown}


   Skills:
 + Level 1.8 Fighting
 * Level 3.9 Throwing
 + Level 1.8 Dodging
 - Level 0.3 Stealth
 * Level 1.3 Unarmed Combat


You had one spell level left.
You didn't know any spells.
Your spell library was empty.

Dungeon Overview and Level Annotations

Branches:
Dungeon (2/15)

Altars:

Shops:
D:1 (


Innate Abilities, Weirdness & Mutations

You are too large for most types of armour.
You have claws for hands.
Your natural rate of healing is unusually fast.
You are covered in fur. (AC +1)
You have tough skin. (AC +1)


Message History

A kobold comes into view. It is wielding a +0 dagger.
The kobold shouts!
There is an entrance to Gohamahu's Antique Weapon Shop here.
You see here a ring of resist corrosion.
i - a ring of resist corrosion
i - a ring of resist corrosion (left claw)
The kobold hits you but does no damage.
You scratch the kobold.
You kill the kobold!
Things that are here:
a +0 dagger; a kobold corpse
Things that are here:
a +0 dagger; a kobold corpse
There is an entrance to Gohamahu's Antique Weapon Shop here.
Found 7 gold pieces.
You now have 11 gold pieces (gained 7).
Done exploring.
You see here a +0 dagger.
You see here 18 bolts.
There is a stone staircase leading down here.
Okay, then.
You climb downwards.
There is a stone staircase leading up here.
The gnoll shouts! x3
The gnoll closely misses you.
You barely miss the gnoll. The gnoll hits you but does no damage.
You scratch the gnoll but do no damage. Your claw misses the gnoll.
The gnoll hits you with a +0 spear.
You scratch the gnoll.
The gnoll is lightly wounded.
The gnoll hits you with a +0 flail!
A goblin comes into view. It is wielding a +0 club.
The gnoll hits you from afar with a +0 halberd!
* * * LOW HITPOINT WARNING * * *
The gnoll hits you with a +0 spear.
* * * LOW HITPOINT WARNING * * *
The gnoll hits you with a +0 flail.
* * * LOW HITPOINT WARNING * * *
The gnoll hits you from afar with a +0 halberd!
You die...

# .# ####### .#
....... ..####
g......##......
.....g.g.......
#gr# #.@# #..#
#..# #..# #...
#... ##.. #...


You could see 3 gnolls and a rat.

Vanquished Creatures
  A dart slug (D:1)
  4 bats (D:1)
  3 endoplasms (D:1)
  2 giant cockroaches (D:1)
  3 goblins (D:1)
  2 hobgoblins (D:1)
  2 kobolds (D:1)
  A ball python (D:1)
  2 frilled lizards (D:1)
  4 rats (D:1)
24 creatures vanquished.

Notes
Turn   | Place    | Note
-------+----------+-------------------------------------------
     0 | D:1      | wakim the Troll Hunter began the quest for the Orb.
     0 | D:1      | Reached XP level 1. HP: 19/19 MP: 0/0
   136 | D:1      | Reached XP level 2. HP: 27/28 MP: 1/1
   238 | D:1      | Reached skill level 1 in Unarmed Combat
   362 | D:1      | Found Gohamahu's Antique Weapon Shop.
   508 | D:2      | Mangled by a gnoll

Illustrated notes

Levels and vault maps discovered:
D:1:      eino_arrival_cavern_e, layout_rooms, serial_shops, shop
D:2:      layout_loops_ring, hellmonk_ecumenical_altar_lost_god, st_stairs_10,
          uniq_crazy_yiuf_cottage

Skill      XL: |  1  2 |
---------------+-------+-----
Unarmed Combat | 1 |  1.3
Fighting       | |  1.8
Throwing       | |  3.9
Dodging        | |  1.8
Stealth        | |  0.3

Action                   || total
-------------------------++-------
Melee: Unarmed           ||    68
Throw: Large rock        ||     1
Armor: Robe              ||    50
Dodge: Dodged            ||    46

Table legend: (Time is in decaauts)
 A = Elapsed time spent in this place.
 B = Non-inter-level travel time spent in this place.
 C = Inter-level travel time spent in this place.
 D = Time resting spent in this place.
 E = Time spent auto-exploring this place.
 F = Levels seen in this place.
 G = Mean time per level.
                   A        B        C        D        E       F      G
               +--------+--------+--------+--------+--------+-----+--------+
         Total |    507 |    469 |     38 |      0 |    140 |   2 |  253.5 |
       Dungeon |    507 |    469 |     38 |      0 |    140 |   2 |  253.5 |
               +--------+--------+--------+--------+--------+-----+--------+

Top non-repeatable levels by time:
     D:1: 502 daAuts
     D:2: 4 daAuts
